 Dungeon Crawl Stone Soup version 0.23-a0-480-g1869896 (webtiles) character file.

17792 theanonym the Archer (level 12, -8/96 HPs)
             Began as a Mummy Enchanter on Nov 28, 2018.
             Was a High Priest of Okawaru.
             Mangled by Rupert
             ... wielding a +2 great mace of protection
              (27 damage)
             ... on level 3 of the Lair of Beasts.
             The game lasted 00:34:19 (20094 turns).

theanonym the Archer (Mummy Enchanter)             Turns: 20094, Time: 00:34:20

Health: -8/96      AC: 16    Str: 15    XL:     12   Next: 22%
Magic:  15/16      EV: 10    Int: 19    God:    Okawaru [*****.]
Gold:   440        SH:  0    Dex: 14    Spells: 15/16 levels left

rFire    x . .     SeeInvis .   a - +0 shortbow of Pestilence {speed, rN+ Int+3 Dex+2 Stlth+}
rCold    + . .     Gourm    .   (shield currently unavailable)
rNeg     + + +     Faith    .   g - +0 plate armour
rPois    ∞         Spirit   .   w - +0 helmet
rElec    .         Reflect  .   (no cloak)
rCorr    .         Harm     .   (no gloves)
MR       ++...                  v - +1 pair of boots
Stlth    ..........             p - amulet of regeneration
HPRegen  0.66/turn              m - +3 ring of evasion
MPRegen  0.15/turn              D - ring of protection from magic

@: heroism
A: no food or potions, fire vulnerability, cold resistance 1, negative energy
resistance 3, torment resistance, unbreathing
a: Heroism, Finesse, Renounce Religion


Innate Abilities, Weirdness & Mutations

You do not eat or drink.
Your flesh is vulnerable to fire.
You are immune to poison.
Your flesh is cold resistant. (rC+)
You are immune to negative energy. (rN+++)
You are immune to unholy pain and torment.
You can survive without breathing.


   Skills:
 + Level 9.4(14.4) Fighting
 - Level 8.0(13.0) Short Blades
 * Level 11.6(16.6) Bows
 + Level 1.9(6.9) Armour
 - Level 1.5(6.5) Dodging
 - Level 2.4(7.4) Stealth
 - Level 2.6 Spellcasting
 - Level 2.6 Hexes
 - Level 5.0 Invocations


You had 15 spell levels left.
You knew the following spells:

 Your Spells              Type           Power        Failure   Level  Hunger
a - Corona                Hex            ##.....      95%         1    N/A

Your spell library contained the following spells:

 Spells                   Type           Power        Failure   Level  Hunger
 Ensorcelled Hibernation  Hex/Ice        #.....       100%        2    N/A
 Confuse                  Hex            ##......     100%        3    N/A
 Dazzling Spray           Conj/Hex       #.....       100%        3    N/A
 Static Discharge         Conj/Air       #.......     100%        3    N/A
 Tukima's Dance           Hex            ##......     100%        3    N/A
 Lightning Bolt           Conj/Air       #.........   100%        5    N/A
 Ignition                 Fire           #.........   100%        8    N/A
 Shatter                  Erth           #.........   100%        9    N/A
 Tornado                  Air            #.........   100%        9    N/A

Skill      XL: |  1  2  3  4  5  6  7  8  9 10 11 12 |
---------------+-------------------------------------+-----
Short Blades   | 1 2 3 4 5 6 8 |  8.0
Fighting       | 1 2 3 4 5 6 7 9 |  9.4
Invocations    | 1 2 5 |  5.0
Bows           | 5 9 11 | 11.6
Armour         | 1 |  1.9
Dodging        | |  1.5
Stealth        | |  2.4
Spellcasting   | |  2.6
Hexes          | |  2.6

Action                   |  1- 3 |  4- 6 |  7- 9 | 10-12 || total
-------------------------+-------+-------+-------+-------++-------
Melee: Dagger            |   114 |    31 |       |       ||   145
       Short sword       |       |   242 |   258 |       ||   500
       Rapier            |       |       |   433 |   180 ||   613
 Fire: Shortbow          |       |       |       |   939 ||   939
Throw: Throwing net      |       |     3 |       |       ||     3
Invok: Heroism           |       |       |       |    15 ||    15
Evoke: Wand              |       |     5 |    20 |    33 ||    58
       Phial of floods   |       |       |       |     2 ||     2
       Phantom mirror    |       |       |       |     2 ||     2
  Use: Scroll            |       |       |    11 |     8 ||    19
 Stab: Sleeping          |     1 |       |       |       ||     1
Armor: Scale mail        |    14 |       |       |       ||    14
       Plate armour      |    51 |   348 |   388 |   359 ||  1146
       Robe              |     1 |       |       |       ||     1
Dodge: Dodged            |    24 |    51 |   160 |   208 ||   443
Block: Shield            |       |       |    32 |       ||    32

Inventory:

Hand Weapons
 a - the +0 shortbow of Pestilence (weapon) {speed, rN+ Int+3 Dex+2 Stlth+}
   (You bought it in a shop on level 7 of the Dungeon)

   Attacks with this weapon are significantly faster.
   It affects your intelligence (+3).
   It affects your dexterity (+2).
   It protects you from negative energy.
   It makes you more stealthy.
 b - a +0 rapier of electrocution
   (You found it on level 6 of the Dungeon)
 s - a +0 shortbow of freezing
   (You took it off a centaur on level 10 of the Dungeon)
 F - a +3 shortbow
   (You found it on level 1 of the Lair of Beasts)
Missiles
 i - 294 arrows (quivered)
 q - 48 bolts
Armour
 g - a +0 plate armour (worn)
   (You found it on level 1 of the Dungeon)
 v - a +1 pair of boots (worn)
   (You found it on level 10 of the Dungeon)
 w - a +0 helmet (worn)
   (You found it on level 5 of the Dungeon)
Magical Staves
 o - an uncursed staff of conjuration {unknown}
   (You found it on level 8 of the Dungeon)
 x - an uncursed staff of summoning {unknown}
   (You found it on level 9 of the Dungeon)
Jewellery
 h - an uncursed ring of flight
   (You found it on level 2 of the Dungeon)
 j - an uncursed amulet of guardian spirit
   (You found it on level 2 of the Dungeon)
 m - a +3 ring of evasion (left hand)
   (You found it on level 2 of the Dungeon)
 p - an amulet of regeneration (around neck)
   (You found it on level 9 of the Dungeon)
 u - an uncursed ring of wizardry
   (You found it on level 8 of the Dungeon)
 D - a ring of protection from magic (right hand)
   (You found it on level 1 of the Lair of Beasts)
Wands
 e - a wand of disintegration (10)
   (You found it on level 5 of the Dungeon)
 k - a wand of iceblast (28)
   (You found it on level 2 of the Dungeon)
 z - a wand of flame (24)
   (You took it off Joseph on level 9 of the Dungeon)
Scrolls
 c - 5 scrolls of immolation
 d - 4 scrolls of enchant weapon
 f - 3 scrolls of fog
 l - 2 scrolls of amnesia
 n - 4 scrolls of remove curse
 r - 3 scrolls of identify
 t - 3 scrolls of teleportation {!r}
 y - a scroll of magic mapping
 A - a scroll of brand weapon
 E - a scroll of enchant armour
Miscellaneous
 B - a phial of floods (inert)
   (You found it on level 10 of the Dungeon)


You were on level 3 of the Lair of Beasts.
You worshipped Okawaru.
Okawaru was extremely pleased with you.
You were not hungry.

You visited 3 branches of the dungeon, and saw 16 of its levels.

You collected 746 gold pieces.
You spent 306 gold pieces at shops.

Dungeon Overview and Level Annotations

Branches:
Dungeon (12/15)            Temple (1/1) D:6            Lair (3/6) D:9
  Swamp (0/4) Lair:2
  Snake: Lair:2-4    Spider: Lair:2-4       Orc: D:9-12

Altars:
Ashenzari
Cheibriados
Dithmenos
Elyvilon
Fedhas
Gozag
Kikubaaqudgha
Makhleb
Nemelex Xobeh
Okawaru
Qazlal
Ru
Sif Muna
Trog
Uskayaw
Vehumet
Wu Jian
Xom
Yredelemnul
Zin
The Shining One

Shops:
D:6 }!:   D:7 (   D:10 =

Annotations:
Lair:3 Rupert

#..........#
.....#....## #....#....#
##......#.#
..........####
#.........##.###
.#.........!.#.#### .
.................@##....
................@@.....(
........................
........................
.......................(
...................#...(
...................#....
........#........... ...
........##..#...>...# ..
#.#....P##


You could see Rupert (berserk) and the friendly Rupert (berserk).

Notes
Turn   | Place    | Note
-------+----------+-------------------------------------------
     0 | D:1      | theanonym the Mummy Enchanter began the quest for the Orb.
     0 | D:1      | Reached XP level 1. HP: 13/13 MP: 4/4
   104 | D:1      | Reached skill level 1 in Short Blades
   290 | D:1      | Reached XP level 2. HP: 17/20 MP: 5/5
   621 | D:2      | HP: 5/20 [worm (8)]
   880 | D:2      | Reached skill level 1 in Fighting
   926 | D:2      | Noticed Natasha
   946 | D:2      | Killed Natasha
   946 | D:2      | Reached skill level 2 in Short Blades
   946 | D:2      | Reached XP level 3. HP: 20/26 MP: 7/7
  1080 | D:2      | Noticed Natasha
  1213 | D:2      | Killed Natasha
  1213 | D:2      | Reached XP level 4. HP: 18/33 MP: 4/8
  1259 | D:2      | Noticed Natasha
  1358 | D:2      | HP: 13/33 [Natasha (5)]
  1363 | D:2      | Killed Natasha
  1363 | D:2      | Reached skill level 2 in Fighting
  1947 | D:3      | Noticed an ogre
  1950 | D:3      | Killed an ogre
  1950 | D:3      | Reached skill level 3 in Short Blades
  1950 | D:3      | Reached XP level 5. HP: 39/39 MP: 9/9
  2008 | D:3      | Reached skill level 3 in Fighting
  2189 | D:3      | HP: 14/41 [orc priest/divine providence (10)]
  2191 | D:3      | Reached skill level 4 in Short Blades
  2479 | D:3      | Reached XP level 6. HP: 46/47 MP: 10/10
  2642 | D:3      | Found an opulent altar of Gozag.
  2810 | D:3      | Found an ancient bone altar of Kikubaaqudgha.
  3381 | D:4      | Reached skill level 4 in Fighting
  3381 | D:4      | Reached skill level 5 in Short Blades
  3381 | D:4      | Reached XP level 7. HP: 54/54 MP: 11/11
  4063 | D:4      | HP: 22/55 [orc priest/divine providence (11)]
  4075 | D:4      | HP: 19/55 [orc/+0 club (4)]
  4088 | D:4      | HP: 20/55 [orc/+0 club (1)]
  4702 | D:5      | Entered Level 5 of the Dungeon
  4969 | D:5      | Reached skill level 6 in Short Blades
  5613 | D:6      | Found Atearuom's Gadget Emporium.
  5613 | D:6      | Found Riurhes's Distillery.
  5632 | D:6      | Reached skill level 5 in Fighting
  5638 | D:6      | Bought a wand of iceblast (6) for 130 gold pieces
  5647 | D:6      | Found a stormy altar of Qazlal.
  5902 | D:6      | Reached XP level 8. HP: 58/62 MP: 12/12
  5916 | D:6      | Found a staircase to the Ecumenical Temple.
  5925 | Temple   | Entered the Ecumenical Temple
  6091 | Temple   | Became a worshipper of Warmaster Okawaru
  6133 | D:6      | Found Voiruir's Book Shoppe.
  6437 | D:6      | HP: 25/63 [electric eel/bolt of electricity (7)]
  6709 | D:6      | Reached skill level 7 in Short Blades
  7076 | D:7      | Reached skill level 6 in Fighting
  7105 | D:7      | Noticed a manticore
  7109 | D:7      | Killed a manticore
  7109 | D:7      | Reached * piety under Okawaru
  7109 | D:7      | Reached skill level 8 in Short Blades
  7196 | D:7      | Found Tiagou Aptuo's Antique Weapon Emporium.
  7342 | D:7      | HP: 32/65 [wyvern zombie (5)]
  7343 | D:7      | Reached skill level 1 in Invocations
  7343 | D:7      | Reached XP level 9. HP: 35/71 MP: 8/13
  7732 | D:7      | Found a shattered altar of Ashenzari.
  7924 | D:8      | Reached skill level 7 in Fighting
  7924 | D:8      | Reached skill level 2 in Invocations
  8049 | D:8      | HP: 31/72 [orc warrior/+0 long sword (10)]
  8062 | D:8      | HP: 29/72 [orc warrior/+0 long sword (4)]
  8065 | D:8      | Reached ** piety under Okawaru
  8328 | D:7      | Bought a brightly glowing shortbow for 176 gold pieces
  8334 | D:7      | Identified the +0 shortbow of Pestilence {speed, rN+ Int+3
                  | Dex+2 Stlth+} (You bought it in a shop on level 7 of the
                  | Dungeon)
  8357 | D:8      | Found a sparkling altar of Nemelex Xobeh.
  8882 | D:9      | Noticed a troll
  8911 | D:9      | Killed a troll
  8911 | D:9      | Reached skill level 2 in Bows
  9140 | D:9      | Noticed a two-headed ogre
  9148 | D:9      | Killed a two-headed ogre
  9148 | D:9      | Reached skill level 4 in Bows
  9152 | D:9      | Reached *** piety under Okawaru
  9152 | D:9      | Reached skill level 5 in Bows
  9418 | D:9      | Found a staircase to the Lair.
  9520 | D:9      | Noticed a troll
  9530 | D:9      | Killed a troll
  9729 | D:9      | Reached XP level 10. HP: 70/79 MP: 11/14
  9800 | D:9      | Received a gift from Okawaru
  9800 | D:9      | Reached skill level 6 in Bows
 10105 | D:9      | Noticed Joseph
 10115 | D:9      | HP: 34/79 [Joseph/wand of flame (16) (8)]
 10120 | D:9      | Killed Joseph
 10480 | D:10     | Entered Level 10 of the Dungeon
 10480 | D:10     | Found Quheaff's Jewellery Boutique.
 10818 | D:10     | HP: 38/79 [troll (3)]
 11074 | D:10     | Reached skill level 7 in Bows
 11428 | D:10     | Received a gift from Okawaru
 11661 | D:10     | HP: 37/79 [troll (3)]
 12274 | D:11     | Reached skill level 8 in Bows
 12581 | D:11     | HP: 39/79 [troll (3)]
 12586 | D:11     | HP: 37/79 [troll (1)]
 12590 | D:11     | HP: 17/79 [troll (4)]
 12592 | D:11     | HP: 4/79 [troll (6)]
 12688 | D:11     | HP: 21/79 [centaur/arrow (4)]
 12768 | D:11     | HP: 38/79 [centaur/arrow (1)]
 12776 | D:11     | HP: 27/79 [centaur/arrow (5)]
 12787 | D:11     | HP: 24/79 [centaur (3)]
 12789 | D:11     | Reached **** piety under Okawaru
 13041 | D:11     | Reached skill level 9 in Bows
 13192 | D:11     | HP: 39/79 [something (7)]
 13199 | D:11     | HP: 39/79 [something (4)]
 13205 | D:11     | HP: 34/79 [something (6)]
 13211 | D:11     | HP: 26/79 [something (2)]
 13218 | D:11     | HP: 16/79 [something (8)]
 13224 | D:11     | Killed an unseen horror
 13370 | D:11     | Noticed Erolcha
 13422 | D:11     | HP: 37/79 [disintegration (17)]
 13675 | D:10     | Reached XP level 11. HP: 57/84 MP: 11/15
 13797 | D:10     | Reached skill level 10 in Bows
 13971 | D:11     | Reached ***** piety under Okawaru
 14097 | D:11     | Received a gift from Okawaru
 14360 | D:11     | HP: 32/84 [Erolcha/+0 giant club (23)]
 14361 | D:11     | HP: 13/84 [Erolcha/+0 giant club (19)]
 14362 | D:11     | Killed Erolcha
 14547 | D:11     | Noticed a three-headed hydra
 14577 | D:11     | Killed a three-headed hydra
 14577 | D:11     | Reached skill level 8 in Fighting
 14577 | D:11     | Reached skill level 3 in Invocations
 14645 | D:11     | Received a gift from Okawaru
 14700 | D:11     | Found the +7 Spriggan's Knife {stab, EV+4 Stlth+}
 15022 | Lair:1   | Entered Level 1 of the Lair of Beasts
 16271 | Lair:2   | Reached skill level 11 in Bows
 16271 | Lair:2   | Reached skill level 4 in Invocations
 16313 | Lair:2   | Received a gift from Okawaru
 16661 | Lair:2   | Found a staircase to the Swamp.
 16686 | Lair:2   | Noticed a six-headed hydra
 16698 | Lair:2   | Killed a six-headed hydra
 16713 | Lair:2   | Noticed a catoblepas
 16746 | Lair:2   | HP: 39/87 [catoblepas/blast of calcifying dust (8)]
 16751 | Lair:2   | HP: 34/87 [catoblepas (7)]
 16756 | Lair:2   | HP: 34/87 [catoblepas/blast of calcifying dust (2)]
 16761 | Lair:2   | HP: 10/87 [catoblepas (22)]
 16765 | Lair:2   | Killed a catoblepas
 16765 | Lair:2   | Reached skill level 9 in Fighting
 17488 | Lair:2   | Found a staircase to the Swamp.
 17811 | Lair:3   | Received a gift from Okawaru
 17811 | Lair:3   | Reached skill level 5 in Invocations
 17877 | Lair:2   | HP: 42/89 [wolf (7)]
 17884 | Lair:2   | HP: 32/89 [wolf (5)]
 17890 | Lair:2   | HP: 16/89 [wolf (5)]
 17900 | Lair:2   | Reached XP level 12. HP: 20/95 MP: 14/16
 18429 | D:11     | HP: 47/95 [slime creature (14)]
 18452 | D:11     | HP: 44/95 [slime creature (16)]
 18461 | D:11     | HP: 42/95 [slime creature (5)]
 18591 | D:11     | HP: 46/95 [slime creature (9)]
 18598 | D:11     | Reached skill level 1 in Armour
 18946 | D:11     | HP: 42/95 [slime creature (9)]
 19188 | D:11     | HP: 43/95 [slime creature (16)]
 19191 | D:11     | HP: 15/95 [slime creature (16)]
 19792 | Lair:3   | HP: 45/96 [wolf (5)]
 19797 | Lair:3   | HP: 33/96 [wolf (1)]
 19828 | Lair:3   | HP: 48/96 [wolf (1)]
 19943 | Lair:3   | Received a gift from Okawaru
 20072 | Lair:3   | Noticed Rupert
 20092 | Lair:3   | HP: 18/96 [Rupert/+2 great mace of protection (33)]
 20094 | Lair:3   | Mangled by Rupert

Vanquished Creatures
  Erolcha (D:11)
  2 hydras
  A catoblepas (Lair:2)
  A two-headed ogre (D:9)
  An unseen horror (D:11)
  A manticore (D:7)
  Joseph (D:9)
  2 spiny frogs
  A rime drake (Lair:2)
  5 trolls
  10 slime creatures
  2 dream sheep (D:11)
  A bog body (Lair:2)
  2 hippogriffs
  7 yaks (D:11)
  5 water moccasins
  4 porcupines
  2 sky beasts
  3 orc warriors
  A black bear (D:9)
  2 necrophages (D:10)
  4 ice beasts
  5 ogres
  An eye of draining (D:10)
  13 wolves
  11 centaurs
  3 crocodiles
  3 big kobolds (D:11)
  5 bullfrogs
  2 wyvern zombies (D:7)
  3 scorpions
  6 killer bees (D:10)
  4 wights (D:11)
  An electric eel (D:6)
  2 vampire bats (D:3)
  4 crimson imps
  7 hounds
  2 bullfrog zombies
  5 orc priests
  3 bullfrog skeletons
  3 jellies
  7 orc wizards
  Natasha (thrice) (D:2)
  8 worker ants
  A howler monkey zombie (D:6)
  4 adders
  2 shadow imps
  An ooze (D:3)
  2 adder skeletons
  2 worms (D:3)
  2 leopard geckos
  37 orcs
  3 bat skeletons (D:3)
  3 bat zombies (D:3)
  3 giant cockroaches
  6 hobgoblins
  11 jackals
  5 quokkas
  A ball python (D:4)
  7 bats
  6 frilled lizards
  A giant cockroach zombie (D:5)
  6 goblins
  A kobold (D:1)
  A leopard gecko zombie (D:5)
  A quokka skeleton (D:6)
  7 rats
273 creatures vanquished.

Vanquished Creatures (collateral kills)
  A hungry ghost (D:11)
  An orc warrior (D:11)
  An orc wizard (D:11)
3 creatures vanquished.

Vanquished Creatures (others)
  3 plants (D:11)
3 creatures vanquished.

Grand Total: 279 creatures vanquished

Table legend:
 A = Turns spent in this place as a percentage of turns spent in the entire game.
 B = Non-inter-level travel turns spent in this place as a percentage of non-inter-level travel turns spent in the entire game.
 C = Inter-level travel turns spent in this place as a percentage of turns spent in this place.
 D = Turns resting spent in this place as a percentage of non-inter-level travel turns spent in this place.
 E = Turns spent auto-exploring this place as a percentage of non-inter-level travel turns spent in this place.
 F = Non-inter-level travel turns spent in this place divided by the number of levels of this place that you've seen.
                   A       B       C       D       E      F
               +-------+-------+-------+-------+-------+----------------------
         Total | 100.0 | 100.0 |   8.0 |  33.9 |  46.2 | 1154.9
       Dungeon |  81.5 |  81.0 |   8.6 |  38.6 |  40.3 | 1247.8
        Temple |   0.9 |   0.7 |  24.2 |   0.0 |  97.8 | 138.0
          Lair |  17.6 |  18.2 |   4.8 |  14.8 |  70.5 | 1122.0
               +-------+-------+-------+-------+-------+----------------------
